 Dungeon Sprint DCSS version 0.17-a0-1760-ga6756ae (webtiles) character file.

202 KambridgeKobold the Summoner (level 5, -3/28 HPs)
             Began as a Tengu Summoner on Sept 3, 2015.
             Was the Champion of Jiyva.
             Shot with a poisoned arrow by a centaur warrior (22 damage)
             ... in the Dungeon (Sprint I: "Red Sonja").
             The game lasted 00:09:26 (561 turns).

KambridgeKobold the Summoner (Tengu Summoner)        Turns: 561, Time: 00:09:26

Health: -3/28      AC:  2    Str:  8    XL:     5   Next: 80%
Magic:  4/14       EV: 15    Int: 17    God:    Jiyva [******]
Gold:   324        SH:  0    Dex: 14    Spells: 5 memorised, 3 levels left

rFire  . . .     SeeInvis .     m - +0 scythe (freeze)
rCold  . . .     Clarity  .     a - +0 robe
rNeg   . . .     SustAt   .     (no shield)
rPois  +         Gourm    .     (helmet restricted)
rElec  .         Spirit   .     (no cloak)
rCorr  +         Warding  .     (no gloves)
rMut   .         NoTele   +     (boots unavailable)
MR     .....                    (no amulet)
Stlth  +.........               (no ring)
                                (no ring)

@: very slightly contaminated, not resistant to hostile enchantments, very
unstealthy
A: beak, talons 3, poison resistance, acidic bite, able to fly 1
a: Fly, Request Jelly, Jelly Paralyse, Slimify, Cure Bad Mutation, Renounce
Religion


You were in the Dungeon.
You worshipped Jiyva.
Jiyva was exalted by your worship.
You were completely stuffed.

You visited 1 branch You collected 324 gold pieces.

Inventory:

Hand weapons
 m - a +0 scythe of freezing (weapon)
Armour
 a - a +0 robe (worn)
Magical devices
 k - a wand of frost (9)
Scrolls
 i - a scroll of blinking
 j - a scroll of brand weapon {unknown}
Potions
 d - a potion of curing
 e - a potion of heal wounds
 f - a potion of haste
 g - 2 potions of magic
 h - a potion of berserk rage
Books
 b - a book of Callings

   Spells                             Type                      Level
   a - Summon Small Mammal            Summoning                    1
   b - Call Imp                       Summoning                    2
   c - Call Canine Familiar           Summoning                    3
   d - Summon Guardian Golem          Hexes/Summoning              3
   e - Summon Lightning Spire         Summoning/Air                4
   f - Summon Ice Beast               Ice/Summoning                4
Comestibles
 c - a bread ration
 l - 2 chunks of flesh
 n - a meat ration


   Skills:
 + Level 3.3 Polearms
 - Level 6.6 Dodging
 - Level 2.0 Stealth
 + Level 6.3 Spellcasting
 + Level 9.3 Summonings


You had 3 spell levels left.
You knew the following spells:

 Your Spells              Type           Power        Failure   Level  Hunger
a - Summon Small Mammal   Summ           ####         1%          1    None
b - Call Imp              Summ           #####...     1%          2    None
c - Call Canine Familiar  Summ           #####...     1%          3    ##.....
d - Summon Guardian Gole  Hex/Summ       ###.....     8%          3    ##.....
e - Summon Ice Beast      Ice/Summ       ###.....     21%         4    ####...


Dungeon Overview and Level Annotations

Branches:
Dungeon (1/1)

Altars:
Cheibriados
Dithmenos
Elyvilon
Fedhas
Gozag
Kikubaaqudgha
Makhleb
Nemelex Xobeh
Okawaru
Qazlal
Ru
Sif Muna
Trog
Vehumet
Xom
Yredelemnul
Zin
The Shining One
Jiyva

Shops:
D (


Innate Abilities, Weirdness & Mutations

You have a beak for a mouth.
You have claws for feet.
You can fly.
Your system is resistant to poisons.
You have acidic saliva.


Message History

Press: ? - help, Dir - move target cursor, f - centaur warrior
Aim: a centaur warrior (purple smoke, resting) Attack!
The centaur warrior shouts! x2
The centaur warrior wields a shortbow.
The centaur warrior shoots a poisoned arrow.
The poisoned arrow hits you.
You hear a splash.
You swap places.
The centaur warrior wields a longbow.
The centaur warrior shoots a poisoned arrow.
The poisoned arrow hits your ice beast!!
You hear a splash.
Your ice beast hits the centaur warrior.
Your ice beast freezes the centaur warrior!
Your ice beast hits the centaur warrior but does no damage.
The centaur warrior shoots a poisoned arrow.
The poisoned arrow barely misses your ice beast.
The poisoned arrow hits you!!
Ouch! That really hurt!
You die...

##########################
#<.#..'..#..'..#__#..JK..#
#..'..#..'[.#..'..J3.#
#..#####'#####'#__####
#..####..#...#.####§§#
#..#__####..##§#@Y§§§#
#..#_..__##'#.§'§Yc§.+
#⌠⌠#_.∩...'..._#§§c§§#
####_..._##_.#'##+####
#_____###+#.# ####### ###


You could see 2 centaur warriors and 2 friendly ice beasts.

Vanquished Creatures (collateral kills)
  Sigmund (D)
  A yak (D)
  An ogre (D)
  Ijyb (D)
4 creatures vanquished.

Vanquished Creatures (others)
  2 kobold demonologists (D)
  A slime creature (D)
  5 jellies (D)
  A giant eyeball (D)
9 creatures vanquished.

Grand Total: 13 creatures vanquished

Notes
Turn   | Place    | Note
--------------------------------------------------------------
     0 | D        | KambridgeKobold the Tengu Summoner began the quest for the Orb.
     0 | D        | Reached XP level 1. HP: 10/10 MP: 4/4
     1 | D        | Noticed Ijyb
    26 | D        | Killed Ijyb
    26 | D        | Reached skill level 5 in Summonings
    26 | D        | Reached XP level 2. HP: 1/15 MP: 1/7
   299 | D        | Learned a level 2 spell: Call Imp
   299 | D        | Noticed an ogre
   310 | D        | Killed an ogre
   310 | D        | Reached skill level 5 in Dodging
   310 | D        | Reached skill level 7 in Summonings
   310 | D        | Reached XP level 3. HP: 19/19 MP: 1/9
   310 | D        | Reached XP level 4. HP: 24/24 MP: 1/11
   416 | D        | Learned a level 3 spell: Call Canine Familiar
   420 | D        | Learned a level 3 spell: Summon Guardian Golem
   420 | D        | Noticed Sigmund
   457 | D        | Killed Sigmund
   457 | D        | Reached skill level 5 in Spellcasting
   457 | D        | Reached skill level 8 in Summonings
   457 | D        | Gained mutation: You can fly. [Tengu growth]
   457 | D        | Reached XP level 5. HP: 26/28 MP: 0/14
   477 | D        | Found a deep blue altar of Sif Muna.
   478 | D        | Noticed a jelly
   479 | D        | Found a radiant altar of Vehumet.
   482 | D        | Found a viscous altar of Jiyva.
   482 | D        | Found a blossoming altar of Fedhas.
   482 | D        | Noticed a slime creature
   483 | D        | Found a snail-covered altar of Cheibriados.
   483 | D        | Found a shadowy altar of Dithmenos.
   485 | D        | Became a worshipper of Jiyva Jafurush the Shapeless
   493 | D        | Learned a level 4 spell: Summon Ice Beast
   494 | D        | Acquired Jiyva's first power
   495 | D        | Noticed a kobold demonologist
   503 | D        | Noticed a chaos spawn
   506 | D        | Acquired Jiyva's second power
   507 | D        | Killed a kobold demonologist
   512 | D        | Acquired Jiyva's third power
   513 | D        | Gained mutation: You can spit weak poison. [Jiyva's grace]
   516 | D        | Acquired Jiyva's fourth power
   518 | D        | Killed a kobold demonologist
   518 | D        | Lost mutation: You can spit weak poison. [Jiyva's grace]
   519 | D        | Gained mutation: You have acidic saliva. [Jiyva's grace]
   522 | D        | Gained mutation: Your system is resistant to poisons. [Jiyva's grace]
   528 | D        | Killed a jelly
   529 | D        | Found Vayd's Weapon Emporium.
   529 | D        | Found a white marble altar of Elyvilon.
   529 | D        | Found a stormy altar of Qazlal.
   529 | D        | Found a basalt altar of Yredelemnul.
   529 | D        | Found an iron altar of Okawaru.
   529 | D        | Found a sparkling altar of Nemelex Xobeh.
   529 | D        | Found a shimmering altar of Xom.
   529 | D        | Found an ancient bone altar of Kikubaaqudgha.
   529 | D        | Noticed a yak
   530 | D        | Found a burning altar of Makhleb.
   530 | D        | Found a sacrificial altar of Ru.
   530 | D        | Found a glowing golden altar of the Shining One.
   530 | D        | Found an opulent altar of Gozag.
   530 | D        | Found a glowing silver altar of Zin.
   532 | D        | Killed a yak
   532 | D        | Reached skill level 9 in Summonings
   533 | D        | Found a bloodstained altar of Trog.
   545 | D        | Noticed a centaur warrior
   556 | D        | Noticed a centaur warrior
   558 | D        | Killed a slime creature
   561 | D        | Shot with a poisoned arrow by a centaur warrior

Vault maps used:
D:        dungeon_sprint_1

Action                   |  1- 3 |  4- 6 || total
-------------------------+-------+-------++-------
Melee: Unarmed           |     2 |       ||     2
       Scythe            |       |     2 ||     2
 Cast: Summon Small Mamm |     6 |       ||     6
       Call Imp          |     3 |       ||     3
       Call Canine Famil |       |     3 ||     3
       Summon Guardian G |       |     2 ||     2
       Summon Ice Beast  |       |     2 ||     2
 Abil: Fly               |       |     1 ||     1
